 Dungeon Crawl Stone Soup version 0.30.1-11-g7821555f0a (webtiles) character file.

Game seed: 14169740625837628257

50 Chiseanne the Trooper (level 3, -11/28 HPs)
             Began as a Demonspawn Wanderer on Nov 27, 2023.
             Blown up by Ijyb (14 damage)
             ... with a mindburst bolt
             ... on level 3 of the Dungeon.
             The game lasted 00:02:32 (1305 turns).

Chiseanne the Trooper (Demonspawn Wanderer)         Turns: 1305, Time: 00:02:33

Health: -11/28     AC:  5    Str: 12    XL:     3   Next: 55%
Magic:  6/6        EV: 15    Int:  9    God:
Gold:   133        SH: 11    Dex: 18    Spells: 5/6 levels left

rFire   . . .        a - +0 spear
rCold   . . .        e - +2 buckler
rNeg    . . .        j - +0 ring mail
rPois   .            (no helmet)
rElec   .            (no cloak)
rCorr   .            (no gloves)
SInv    .            (no boots)
Will    .....        (no amulet)
Stlth   +            (no ring)
HPRegen 0.24/turn    (no ring)
MPRegen 0.10/turn

%: no passive effects
@: agile
A: large bone plates 1, powered by pain 1
a: no special abilities


You were on level 3 of the Dungeon.
You visited 1 branch of the dungeon, and saw 3 of its levels.

You collected 133 gold pieces.

Inventory:

Hand Weapons
 a - a +0 spear (weapon)
Missiles
 f - 6 atropa-tipped darts
 g - 20 stones
Armour
 e - a +2 buckler (worn)
 j - a +0 ring mail (worn)
Jewellery
 k - a ring of ice
Scrolls
 b - a scroll of silence
 c - 2 scrolls of teleportation
 l - a scroll of fog
Potions
 d - a potion of curing
 h - 2 potions of degeneration {unknown}
 m - a potion of experience {unknown}


   Skills:
 * Level 2.6 Fighting
 * Level 1.7 Armour
 * Level 1.8 Dodging
 - Level 1.0 Stealth
 * Level 2.3 Shields
 - Level 2.0 Spellcasting
 - Level 1.0 Evocations


You had 5 spell levels left.
You knew the following spells:

 Your Spells              Type           Power      Damage    Failure   Level
a - Freeze                Ice            0%         1d3       71%         1

Your spell library contained the following spells:

 Spells                   Type           Power      Damage    Failure   Level
 Frozen Ramparts          Ice            0%         1d1       97%         3


Dungeon Overview and Level Annotations

Branches:
Dungeon (3/15)

Altars:
Sif Muna

Annotations:
D:3 Ijyb


Innate Abilities, Weirdness & Mutations

You are partially covered in large bone plates. (SH +4)
You sometimes gain a little power by taking damage.


Message History

Ijyb is moderately wounded.
Ijyb zaps a wand.
Your mind is blasted!
You are too injured to fight recklessly!
You feel much better.
A hobgoblin comes into view.
The hobgoblin shouts!
You block the hobgoblin's attack.
Ijyb zaps a wand.
Your mind is blasted!
You closely miss the hobgoblin.
The hobgoblin hits you but does no damage.
Ijyb hits you with a +0 dagger.
You hit the hobgoblin.
You kill the hobgoblin!
You block Ijyb's attack.
You closely miss Ijyb.
Ijyb is moderately wounded.
Ijyb hits you with a +0 dagger.
You closely miss Ijyb.
Ijyb is moderately wounded.
Ijyb hits you but does no damage.
You barely miss Ijyb.
Ijyb is moderately wounded.
You block Ijyb's attack. Ijyb hits you with a +0 dagger.
You hit Ijyb but do no damage.
Ijyb is moderately wounded.
Ijyb zaps a wand.
Your mind is blasted!
Ouch! That really hurt!
* * * LOW HITPOINT WARNING * * *
You focus on the pain.
You feel agile all of a sudden.
You hit Ijyb.
Ijyb is heavily wounded.
You block Ijyb's attack.
You completely miss Ijyb.
Ijyb is heavily wounded.
Ijyb hits you but does no damage.
You closely miss Ijyb.
Ijyb is heavily wounded.
Ijyb zaps a wand.
Your mind is blasted!
Ouch! That really hurt!
You die...

#.≈.....≈.#
###.≈.≈≈≈.≈.#
#.#.≈≈...≈≈.#
#.#.≈≈._.≈≈.#
#.#.≈≈...≈≈.#
#.#.≈.≈≈≈.≈.#
#.#.≈.....≈.#
#.#†.≈≈≈≈≈..#
#.####g@#########.
#......## #
##########.###....
#..............#
#.########.###.#
###.### #.#
#.....# #.#
#.....# #.#
#.<...# #..


You could see Ijyb.

Vanquished Creatures
  2 adders
  A dart slug (D:2)
  2 ball pythons (D:2)
  An endoplasm (D:2)
  A giant cockroach (D:1)
  3 goblins
  5 hobgoblins
  6 jackals (D:2)
  A quokka (D:1)
  A bat (D:2)
  A frilled lizard (D:2)
  2 rats (D:1)
26 creatures vanquished.

Notes
Turn   | Place    | Note
-------+----------+-------------------------------------------
     0 | D:1      | Chiseanne the Demonspawn Wanderer began the quest for the
                  | Orb.
     0 | D:1      | Chiseanne set off with the following items: a +0 dagger, a
                  | scroll of silence, a scroll of teleportation, a +0 leather
                  | armour, a +2 buckler; and the following spell memorised:
                  | Freeze; and the following spells available to memorise:
                  | Frozen Ramparts.
     0 | D:1      | Reached XP level 1. HP: 16/16 MP: 3/3
     6 | D:1      | Noticed a salamander
     7 | D:1      | Noticed a komodo dragon
     7 | D:1      | Noticed a swamp worm
   312 | D:1      | Gained mutation: You sometimes gain a little power by
                  | taking damage. [demonic ancestry]
   312 | D:1      | Reached XP level 2. HP: 22/22 MP: 5/5
   781 | D:2      | Found a faded altar of an unknown god.
   913 | D:2      | Gained mutation: You are partially covered in large bone
                  | plates. (SH +4) [demonic ancestry]
   913 | D:2      | Reached XP level 3. HP: 20/28 MP: 6/6
  1249 | D:3      | Found a shimmering blue altar of Sif Muna.
  1277 | D:3      | Noticed Ijyb
  1305 | D:3      | Blown up by Ijyb

Illustrated notes

Levels and vault maps discovered:
D:1:      onia_arrival_zoo_common, layout_rooms, dreamdust_mushroom_princess
D:2:      layout_loops_ring, shapermc_ecumenical_altar_gd,
          chequers_serial_rivers_room_b
D:3:      layout_loops_ring, mainiacjoe_overflow_paths,
          minmay_overflow_temple_star_hex, kennysheep_generic_room_9, uniq_ijyb

Skill      XL: |  1 |
---------------+----+-----
Shields        | 2 |  2.3
Fighting       | |  2.6
Armour         | |  1.7
Dodging        | |  1.8
Stealth        | |  1.0
Spellcasting   | |  2.0
Evocations     | |  1.0

Action                     || total
---------------------------++-------
  Melee: Spear             ||   136
    Use: Scroll            ||     4
         Potion            ||     1
 Armour: Ring mail         ||    28
  Dodge: Dodged            ||    34
  Block: Buckler           ||    56
